Wizard Dude, neutral male human Wizard -------- |......-############## ------------ ----- |......| # |..........-# #-.<.| |.)....| #%##### |..........|### |...| |......| --------------# #...........| # |...| |......| |............|# ###--.--------- #####+.... |......|#####|............|# # ##### |...| -|------ #.............-%)### # |...| # ###|............|# ### --.-- # # #|............|##########`########## # # ### #-------------- ------|-----# # # # ######` d...`..^...| # # # |..........| ---|-- ### # |..........| |.(..| # # |..........| |....| --.----# |..........| #.....| |......# |.........@.####------ |.....| ------------ ------- Wizard Dude the Evoker Experience level: 2 Strength: 8 Dexterity: 13 Constitution: 18 Intelligence: 18 Wisdom: 13 Charisma: 13 Health: 17(17) Energy: 13(13) Def: 3 Gold: 35 Moves: 898 Dungeon seed: uh46Jqfad_2A3IL0 Game ID: Wizard Dude_1554484325 Your Inventory: Coins $ - 35 gold pieces Weapons a - a blessed +1 quarterstaff (weapon in hands) Armor e - an uncursed +0 cloak of magic resistance n - a blessed -2 chain mail (being worn) Scrolls j - an uncursed scroll of magic mapping k - a cursed scroll of enchant armor Spellbooks l - a blessed spellbook of force bolt m - an uncursed spellbook of cure sickness s - an uncursed spellbook of magic missile u - an uncursed spellbook of finger of death Potions g - an uncursed potion of enlightenment h - an uncursed potion of levitation Rings c - a cursed +1 ring of gain constitution d - a cursed ring of teleportation Wands b - a wand of cancellation (0:4) Spells and supernatural/magical abilities: Name Level Category Fail Memory a - force bolt 1 attack 40% 96% m - magic missile 2 attack 4% 97% F - finger of death 7 attack 100% 99% K - cure sickness 3 healing 100% 96% W - pray for help -- divine ? -- Your skills at the end: Fighting Skills Weapon Skills quarterstaff [Basic] Spellcasting Skills attack spells [Basic] enchantment spells [Basic] Final Attributes: You were stridently aligned. You were unlucky. Thoth was angry with you. You survived. Vanquished creatures: a jackal 2 goblins 3 grid bugs 2 lichens a kobold zombie 4 newts 13 creatures vanquished. Voluntary challenges: You went without food. You used a wielded weapon 12 times, starting on turn 1. You read items or engraved 86 times, starting on turn 9. You never genocided any monsters. You never polymorphed an object. You never changed form. You used no wishes. You never split a pudding. You never wrote Elbereth's name. You never violated your personal moral code. Dungeon overview: The Dungeons of Doom: levels 1 to 2 Level 1 a long staircase Level 2 <- You were here History has recorded: On T:1 you entered the Dungeons of Doom to retrieve the Amulet of Yendor! On T:188 you reached level 2 of The Dungeons of Doom. On T:810 you advanced to experience level 2. Score breakdown: Gold: 35 ( 5294 points) Experience: 2 levels ( 5570 points) Exploration: 2 levels ( 4.00%) ( 4285 points) Discoveries: 6 items ( 2.08%) ( 4330 points) Valuables value: (no points given unless you survive) Artifact value: 0 ( 0 points) Variety of kills: 6 monsters ( 1.57%) ( 3764 points) Turncount: 898 turns ( 0 points) Survival: quit (score multiplied by 90%) Total score: 20918 Latest messages: You don't have anything to eat. The door resists! The door opens. You see here a dart. A little dart shoots out at you! You are hit by a little dart. You see here a newt corpse. The jackal just misses! You kill the jackal! The goblin wields a crude dagger! The crude dagger welds itself to the goblin's hand! You miss the goblin. You kill the goblin! Welcome to experience level 2. You see here a cursed crude dagger. Wizard needs food, badly! You begin praying to Thoth. You feel that Thoth is displeased. That door is closed. (8x) You faint from lack of food. You come to. As you read the scroll, it disappears. Your chain mail glows silver for a moment. Final status: Goodbye Wizard Dude the Wizard, quit... You quit in The Dungeons of Doom on dungeon level 2 with 20918 points, and 35 pieces of gold, after 898 moves. You were level 2 with a maximum of 17 hit points when you quit.